 Dungeon Crawl Stone Soup version 0.17.0-23-g0de4337 (console) character file.

2347 jw the Cleaver (level 9, 0/63 HPs)
             Began as an Octopode Berserker on Nov 14, 2015.
             Was a Priest of Trog.
             Slain by a killer bee (3 damage)
             ... on level 7 of the Dungeon.
             The game lasted 00:22:41 (8301 turns).

jw the Cleaver (Octopode Berserker)                 Turns: 8301, Time: 00:22:41

Health: 0/63       AC:  1    Str: 16    XL:     9   Next: 43%
Magic:  9/9        EV: 13    Int: 10    God:    Trog [***...]
Gold:   333        SH:  0    Dex: 14    Spells: 0 memorised, 8 levels left

rFire  . . .     SeeInvis +     b - +0 war axe
rCold  + . .     Clarity  .     (no shield)
rNeg   + . .     SustAt   .     (helmet restricted)
rPois  .         Gourm    .     (no amulet)
rElec  .         Spirit   .     g - ring of see invisible
rCorr  .         Warding  .     t - ring of positive energy
rMut   .         Stasis   .     (no ring)
MR     .....                    (no ring)
Stlth  ++........               (no ring)
                                (no ring)
                                (no ring)
                                (no ring)

@: lethally poisoned (0 -> -10), very slightly contaminated, hasted, very quick,
not resistant to hostile enchantments, unstealthy
A: almost no armour, amphibious, 8 rings, constrict 8, camouflage 1, cold
resistance 1, gelatinous body 1
a: Berserk, Trog's Hand, Burn Spellbooks, Renounce Religion


You were on level 7 of the Dungeon.
You worshipped Trog.
Trog was most pleased with you.
You were not hungry.

You visited 1 branch of the dungeon, and saw 7 of its levels.

You collected 333 gold pieces.

Inventory:

Hand Weapons
 b - a +0 war axe (weapon)
Missiles
 a - 5 needles of sleeping
 c - 150 stones (quivered)
 d - 32 poisoned needles
Jewellery
 g - a ring of see invisible (left tentacle)
 t - a ring of positive energy (right tentacle)
Wands
 k - a wand of disintegration (12)
 u - a wand of polymorph (14)
Scrolls
 e - 3 scrolls of identify
 p - 4 scrolls of teleportation
 q - 3 scrolls of remove curse
Potions
 i - 3 potions of curing
 o - a potion of resistance
Comestibles
 f - 4 meat rations
 h - 3 fruits
 j - a royal jelly
 l - a beef jerky
 m - 7 bread rations
 n - a chunk of flesh
 s - a slice of pizza


   Skills:
 + Level 6.9 Fighting
 * Level 9.2 Axes
 + Level 6.0 Throwing
 - Level 3.0 Dodging


You had 8 spell levels left.
You didn't know any spells.

Dungeon Overview and Level Annotations

Branches:
Dungeon (7/15)             Temple (0/1) D:5

Altars:
Trog

Shops:
D:4 ?


Innate Abilities, Weirdness & Mutations

You cannot wear most types of armour.
You are amphibious.
You can wear up to eight rings at the same time.
You can use your tentacles to constrict eight enemies at once.
Your skin changes colour to match your surroundings (Stealth).
Your rubbery body absorbs attacks (AC +1).
Your flesh is cold resistant.


Message History

MOVING TO (-1,-1)
The killer bee completely misses you.
MOVING TO (4,1)
The killer bee stings you!
You are poisoned.
The killer bee poisons you! The killer bee barely misses you.
The killer bee barely misses you. x2
MOVING TO (3,2)
You miss the killer bee. Your grab misses the killer bee.
Your squeeze misses the killer bee. You closely miss the killer bee.
You closely miss the killer bee.
You feel sick. The killer bee closely misses you. The killer bee stings you.
The killer bee barely misses you.
MOVING TO (3,1)
You feel sick. The killer bee stings you!
You are more poisoned.
The killer bee poisons you! The killer bee misses you.
The killer bee closely misses you. The killer bee barely misses you.
The killer bee stings you.
You die...

#######+#####
###.yx.........
#######...yyy........
#..........y.........
#....................
#..........##........
#........######......
#............ ......
#............ ......
#............ .....


You could see 5 killer bees.

Table legend:
 A = Turns spent in this place as a percentage of turns spent in the entire game.
 B = Non-inter-level travel turns spent in this place as a percentage of non-inter-level travel turns spent in the entire game.
 C = Inter-level travel turns spent in this place as a percentage of turns spent in this place.
 D = Turns resting spent in this place as a percentage of non-inter-level travel turns spent in this place.
 E = Turns spent auto-exploring this place as a percentage of non-inter-level travel turns spent in this place.
 F = Non-inter-level travel turns spent in this place divided by the number of levels of this place that you've seen.
                   A       B       C       D       E      F
               +-------+-------+-------+-------+-------+----------------------
         Total | 100.0 | 100.0 |   0.6 |   1.2 |   2.5 | 1563.0
       Dungeon | 100.0 | 100.0 |   0.6 |   1.2 |   2.5 | 1563.0
               +-------+-------+-------+-------+-------+----------------------

Table legend:
 A = Kills in this place as a percentage of kills in entire the game.
 B = Kills by you in this place as a percentage of kills by you in the entire game.
 C = Kills by friends in this place as a percentage of kills by friends in the entire game.
 D = Other kills in this place as a percentage of other kills in the entire game.
 E = Experience gained in this place as a percentage of experience gained in the entire game.
 F = Experience gained in this place divided by the number of levels of this place that you have seen.
                   A       B       C       D       E      F
               +-------+-------+-------+-------+-------+----------------------
         Total | 100.0 | 100.0 |  -nan |  -nan | 100.0 | 479.1
       Dungeon | 100.0 | 100.0 |  -nan |  -nan | 100.0 | 479.1
               +-------+-------+-------+-------+-------+----------------------

Vanquished Creatures
  The ghost of jejorda2 the Poker, a novice HOSk of Ashenzari (D:5)
  Sigmund (D:2)
  2 ogres
  2 centaurs
  A sky beast (D:5)
  A phantom (D:4)
  3 giant frogs
  A scorpion (D:4)
  8 wights (D:6)
  A crimson imp (D:6)
  3 hounds
  2 jellies
  Ijyb (D:3)
  2 orc wizards
  Natasha (thrice) (D:2)
  3 worker ants
  A hound skeleton (D:6)
  3 gnolls (D:5)
  Robin (D:2)
  8 adders
  3 shadow imps
  An ooze (D:4)
  An adder skeleton (D:4)
  5 worms
  3 giant geckos
  18 orcs
  12 bats
  7 giant cockroaches
  12 hobgoblins
  3 quokkas
  2 ball pythons (D:3)
  A giant gecko zombie (D:5)
  8 giant newts
  15 goblins
  11 jackals
  A jackal skeleton (D:4)
  9 kobolds
  10 rats
170 creatures vanquished.

Notes
Turn   | Place    | Note
--------------------------------------------------------------
     0 | D:1      | jw the Octopode Berserker began the quest for the Orb.
     0 | D:1      | Reached XP level 1. HP: 16/16 MP: 1/1
   334 | D:1      | Reached XP level 2. HP: 21/21 MP: 2/2
   580 | D:1      | Reached skill level 1 in Throwing
   674 | D:1      | Reached XP level 3. HP: 18/26 MP: 3/3
   939 | D:1      | Reached ** piety under Trog
  1150 | D:2      | Noticed Sigmund
  1163 | D:2      | Killed Sigmund
  1163 | D:2      | Reached skill level 4 in Fighting
  1163 | D:2      | Reached XP level 4. HP: 22/33 MP: 4/4
  1163 | D:2      | Reached XP level 5. HP: 24/37 MP: 5/5
  1339 | D:2      | Noticed Natasha
  1348 | D:2      | Killed Natasha
  1400 | D:2      | Reached XP level 6. HP: 39/43 MP: 6/6
  1575 | D:2      | Reached skill level 5 in Axes
  1667 | D:2      | Noticed Natasha
  1677 | D:2      | Killed Natasha
  1688 | D:2      | Noticed Natasha
  1694 | D:2      | Killed Natasha
  1941 | D:2      | Noticed Robin
  1949 | D:2      | Killed Robin
  1970 | D:2      | Reached *** piety under Trog
  2952 | D:3      | Found a bloodstained altar of Trog.
  3670 | D:3      | Noticed Ijyb
  3679 | D:3      | Killed Ijyb
  4082 | D:4      | Found Iqokuy's Magic Scroll Shop.
  4283 | D:4      | Reached **** piety under Trog
  4283 | D:4      | Reached XP level 7. HP: 47/49 MP: 7/7
  4695 | D:4      | Reached skill level 6 in Axes
  4727 | D:4      | HP: 1/49 [orc/war axe (7)]
  5091 | D:4      | Received a gift from Trog
  5091 | D:4      | Reached skill level 5 in Fighting
  5473 | D:5      | Entered Level 5 of the Dungeon
  5606 | D:5      | Reached XP level 8. HP: 20/55 MP: 8/8
  5945 | D:5      | Reached skill level 7 in Axes
  6259 | D:5      | Noticed jejorda2's ghost (novice HOSk)
  6272 | D:5      | Killed jejorda2's ghost
  6272 | D:5      | Reached skill level 8 in Axes
  6272 | D:5      | Reached skill level 5 in Throwing
  6500 | D:5      | Found a staircase to the Ecumenical Temple.
  6898 | D:5      | Gained mutation: Your flesh is cold resistant. [potion of beneficial mutation]
  7055 | D:6      | Reached XP level 9. HP: 46/63 MP: 9/9
  7953 | D:6      | Reached skill level 9 in Axes
  8301 | D:7      | HP: 3/63 [killer bee (8)]
  8301 | D:7      | Slain by a killer bee

Action                   |  1- 3 |  4- 6 |  7- 9 || total
-------------------------+-------+-------+-------++-------
Melee: Hand axe          |    48 |   147 |    38 ||   233
       War axe           |       |       |   118 ||   118
Throw: Stone             |    45 |   131 |   107 ||   283
Invok: Trog's Hand       |     1 |       |     2 ||     3
       Berserk           |       |       |     3 ||     3
       Brothers in Arms  |       |       |     1 ||     1
  Use: Scroll            |     5 |     1 |     7 ||    13
       Potion            |     2 |     2 |     8 ||    12
 Stab: Sleeping          |     5 |     8 |    10 ||    23
  Eat: Chunk             |       |    10 |    12 ||    22
       Meat ration       |       |       |     1 ||     1

Vault maps used:
D:1:      evilmike_arrival_run_for_it
D:2:      uniq_natasha, uniq_sigmund, uniq_robin
D:3:      trog_three_pillars_becter, uniq_iyjb
D:4:      serial_shops, shop_scrolls, kennysheep_nub
D:5:      minmay_temple_entry_poolview, first_bread
D:6:      corexii_leaking_fountain
D:7:      gammafunk_temple_overflow_elements, dk_noncrumbling_2, dk_vineyard_3,
          grunt_dithmenos_shadows
